 Dungeon Crawl Stone Soup version 0.29-a0-284-gf9362112df (webtiles) character file.

Game seed: 15535385794636495118

430 silky the Cudgeller (level 6, -1/56 HPs)
             Began as a Minotaur Chaos Knight on Mar 30, 2022.
             Was a Plaything of Xom.
             Slain by Edmund
             ... wielding a +2 flail of protection
              (9 damage)
             ... on level 4 of the Dungeon.
             The game lasted 00:10:49 (3093 turns).

silky the Cudgeller (Minotaur Chaos Knight)         Turns: 3093, Time: 00:10:50

Health: -1/56      AC: 12    Str: 17    XL:     6   Next: 66%
Magic:  5/5        EV:  7    Int: 11    God:    Xom [....*.]
Gold:   115        SH:  0    Dex:  9    Spells: 5/5 levels left

rFire   + . .      SeeInvis .   q - +5 great sword (freeze)
rCold   + . .      Faith    .   (shield currently unavailable)
rNeg    . . .      Spirit   .   j - +0 plate armour
rPois   .          Reflect  .   (helmet restricted)
rElec   .          Harm     .   i - scarf {rC+ rF+}
rCorr   .          Rampage  .   (no gloves)
Will    .....                   (no boots)
Stlth   ..........              (no amulet)
HPRegen 0.18/turn               p - ring of wizardry
MPRegen 0.09/turn               f - ring of flight

@: brilliant, flying
A: horns 2, retaliatory headbutt, talons 1, sturdy frame 1
a: Renounce Religion


You were on level 4 of the Dungeon.
You worshipped Xom.
You were a beloved toy of Xom.
You visited 1 branch of the dungeon, and saw 4 of its levels.

You collected 115 gold pieces.

Inventory:

Hand Weapons
 a - a +0 mace of chaos
 q - a +5 great sword of freezing (weapon)
Armour
 i - a scarf of resistance (worn)
 j - a +0 plate armour (worn)
Jewellery
 f - a ring of flight (right hand)
 p - a ring of wizardry (left hand)
Scrolls
 b - a scroll of immolation
 g - a scroll of enchant armour
 l - a scroll of fear
 m - a scroll of teleportation
 n - a scroll of vulnerability
Potions
 d - a potion of magic
 e - 2 potions of flight
 h - a potion of curing
 k - a potion of haste {unknown}
 o - 3 potions of ambrosia {unknown}
Miscellaneous
 c - a piece from Xom's chessboard (15/15) (quivered)


   Skills:
 + Level 5.2 Fighting
 + Level 0.2 Long Blades
 + Level 6.7 Maces & Flails
 + Level 4.9 Armour
 + Level 1.6 Dodging
 + Level 0.4 Stealth


You had 5 spell levels left.
You didn't know any spells.
Your spell library contained the following spells:

 Spells                   Type           Power      Damage    Failure   Level
 Slow                     Hex            0%         N/A       92%         1
 Ensorcelled Hibernation  Hex/Ice        0%         N/A       98%         2
 Passwall                 Tmut/Erth      0%         N/A       98%         2
 Confusing Touch          Hex            0%         N/A       100%        3
 Ozocubu's Armour         Ice            0%         N/A       100%        3
 Swiftness                Air            0%         N/A       100%        3
 Vampiric Draining        Necr           0%         2d6       100%        3
 Ozocubu's Refrigeration  Ice            0%         4d5       100%        7


Dungeon Overview and Level Annotations

Branches:
Dungeon (4/15)
 Temple: D:4-7

Altars:
Gozag
Xom
The Shining One

Annotations:
D:4 Edmund


Innate Abilities, Weirdness & Mutations

You have a pair of horns on your head.
You reflexively headbutt those who attack you in melee.
You have sharp toenails.
Your movements are slightly less encumbered by armour. (ER -2)


Message History

Edmund is heavily wounded.
Edmund hits you with a +2 flail of protection!
Edmund hits you but does no damage.
You hit Edmund but do no damage. You claw Edmund, but do no damage.
You headbutt Edmund!
Edmund is heavily wounded.
Edmund hits you but does no damage.
You barely miss Edmund. You claw Edmund, but do no damage.
Edmund is heavily wounded.
Edmund hits you with a +2 flail of protection.
Edmund hits you but does no damage.
You barely miss Edmund. Your headbutt misses Edmund.
Edmund is heavily wounded.
Edmund hits you but does no damage.
Edmund hits you with a +2 flail of protection.
You barely miss Edmund.
Edmund is heavily wounded.
Edmund hits you with a +2 flail of protection!
* * * LOW HITPOINT WARNING * * *
Edmund hits you with a +2 flail of protection!
* * * LOW HITPOINT WARNING * * *
You feel better. Edmund hits you but does no damage.
You hit Edmund but do no damage. You headbutt Edmund.
Edmund is severely wounded.
Xom grants you a minor favour.
You feel clever all of a sudden.
The quokka twitches its whiskers.
Edmund closely misses you.
You barely miss Edmund. You claw Edmund, but do no damage.
Edmund is severely wounded.
Edmund closely misses you. You furiously retaliate!
You headbutt Edmund!
Edmund hits you with a +2 flail of protection!
* * * LOW HITPOINT WARNING * * *
You feel better.
Edmund hits you with a +2 flail of protection.
* * * LOW HITPOINT WARNING * * *
You hit Edmund. You freeze Edmund.
Edmund is almost dead.
Edmund hits you with a +2 flail of protection!
You die...

....≈######≈....≈# #.#...#.
≈....≈≈≈≈≈≈r...≈≈# #.#...#.
≈≈.......).g..≈≈#####.#..)..
#≈≈..........≈≈##.).........
#≈≈(.....@.≈≈##..#########.
##≈≈.....)≈≈##..## #.
##≈≈≈..≈≈≈##.)## #.
####''####..## #. #.gr@@..##
## #########


You could see Edmund, a quokka and a hobgoblin.

Vanquished Creatures
  The ghost of Psyclone the Chiller, an amateur OpIE (D:3)
  3 wights (D:4)
  A hound (D:3)
  Robin (D:4)
  7 adders
  A white imp (D:3)
  3 dart slugs
  An orc (D:4)
  9 endoplasms
  3 giant cockroaches
  12 goblins
  15 hobgoblins
  4 jackals (D:2)
  2 quokkas (D:1)
  7 ball pythons
  5 bats
  2 frilled lizards
  6 kobolds
  7 rats
90 creatures vanquished.

Vanquished Creatures (collateral kills)
  An endoplasm (D:4)
  A goblin (D:4)
2 creatures vanquished.

Grand Total: 92 creatures vanquished

Notes
Turn   | Place    | Note
-------+----------+-------------------------------------------
     0 | D:1      | silky the Minotaur Chaos Knight began the quest for the
                  | Orb.
     0 | D:1      | Reached XP level 1. HP: 19/19 MP: 0/0
     7 | D:1      | XOM: silly message
   136 | D:1      | Reached skill level 4 in Maces & Flails
   305 | D:1      | Reached XP level 2. HP: 27/27 MP: 1/1
   515 | D:1      | XOM: cloud trail
   704 | D:1      | XOM: enchant monster (bad)
   810 | D:1      | XOM: divination: detect creatures
   894 | D:1      | Found a faded altar of an unknown god.
   978 | D:1      | Reached XP level 3. HP: 33/33 MP: 2/2
  1053 | D:1      | Found Udgholl's Weapon Shop.
  1135 | D:2      | Found a glowing golden altar of the Shining One.
  1135 | D:2      | XOM: 8-stop teleportation journey
  1231 | D:2      | XOM: noise
  1363 | D:2      | XOM: silly message
  1495 | D:2      | XOM: cloud trail
  1570 | D:2      | Reached XP level 4. HP: 41/41 MP: 3/3
  1643 | D:2      | XOM: scenery: create altars
  1738 | D:3      | XOM: give mutations
  1738 | D:3      | Gained mutation: You have sharp toenails. [Xom's grace]
  1738 | D:3      | Gained mutation: Your movements are slightly less
                  | encumbered by armour. (ER -2) [Xom's grace]
  1740 | D:3      | Reached skill level 5 in Maces & Flails
  1810 | D:3      | XOM: 5-stop teleportation journey
  1831 | D:3      | XOM: snakes to sticks
  1861 | D:3      | Reached XP level 5. HP: 37/47 MP: 4/4
  2170 | D:3      | Found a runed translucent door.
  2170 | D:3      | Noticed Psyclone's ghost (amateur OpIE)
  2186 | D:3      | Killed Psyclone's ghost
  2187 | D:3      | Reached skill level 5 in Fighting
  2187 | D:3      | Reached skill level 6 in Maces & Flails
  2544 | D:4      | Noticed Robin
  2569 | D:4      | Killed Robin
  2570 | D:4      | Reached XP level 6. HP: 16/56 MP: 5/5
  2862 | D:4      | XOM: god gift: book of Debilitation
  2894 | D:4      | XOM: divination: detect items
  2947 | D:4      | Found an opulent altar of Gozag.
  3001 | D:4      | XOM: summons 6 friendly demons
  3063 | D:4      | Noticed Edmund
  3090 | D:4      | XOM: potion effect (brilliance)
  3093 | D:4      | Slain by Edmund

Illustrated notes

Levels and vault maps discovered:
D:1:      scummos_arrival_hexagon, layout_basic,
          shapermc_ecumenical_altar_mp_vishouse, serial_shops,
          nicolae_shop_bloodbath_and_beyond, kennysheep_nondescript,
          amethyst_killhole
D:2:      layout_basic, basic_altar
D:3:      layout_basic, gammafunk_ghost_grave, minmay_misc_feat_room,
          saegor_snake_ambush
D:4:      layout_basic, lemuel_doored_altar,
          chequers_temple_overflow_statue_of_worship, temple_hall_moat,
          kennysheep_big_empty_room, small_statue_intersection, uniq_robin,
          uniq_edmund

Skill      XL: |  1  2  3  4  5 |
---------------+----------------+-----
Maces & Flails | 4 5 6 |  6.7
Fighting       | 4 5 |  5.2
Armour         | 3 4 |  4.9
Long Blades    | |  0.2
Dodging        | |  1.6
Stealth        | |  0.4

Action                   |  1- 3 |  4- 6 || total
-------------------------+-------+-------++-------
Melee: Mace              |    71 |    83 ||   154
       Headbutt          |     9 |    14 ||    23
       Kick              |       |    20 ||    20
       Punch             |       |     1 ||     1
       Great sword       |       |    11 ||    11
Evoke: Piece from Xom's  |       |     1 ||     1
  Use: Scroll            |     5 |     4 ||     9
       Potion            |       |     3 ||     3
Armor: Leather armour    |    22 |       ||    22
       Plate armour      |    14 |    80 ||    94
Dodge: Dodged            |    58 |    36 ||    94

Table legend: (Time is in decaauts)
 A = Elapsed time spent in this place.
 B = Non-inter-level travel time spent in this place.
 C = Inter-level travel time spent in this place.
 D = Time resting spent in this place.
 E = Time spent auto-exploring this place.
 F = Levels seen in this place.
 G = Mean time per level.
                   A        B        C        D        E       F      G
               +--------+--------+--------+--------+--------+-----+--------+
         Total |   3149 |   3105 |     44 |    269 |   1866 |   4 |  787.2 |
       Dungeon |   3149 |   3105 |     44 |    269 |   1866 |   4 |  787.2 |
               +--------+--------+--------+--------+--------+-----+--------+

Top non-repeatable levels by time:
     D:1: 1129 daAuts
     D:3: 819 daAuts
     D:4: 626 daAuts
     D:2: 575 daAuts
